NCAA
MISSOURI TIGERS @ CALIFORNIA GOLDEN BEARS
04/05/2028
 
TOP OF THE 1ST
Missouri Tigers batting - Pitching for California Golden Bears : LHP Randy Hawk
Pitching: LHP Randy Hawk
Batting: LHB Joe Hanson 0-0: Ground out U3 (Groundball, 34)
Batting: RHB Harvey Willis 0-0: Fly out, F4 (Popup, 4MD)
Batting: RHB Wesley Fuller 0-0: Called Strike
0-1: Ball
1-1: SOLO HOME RUN (Flyball, 7D), Distance : 346 ft
Batting: RHB Clay Decker 0-0: Ball
1-0: Ball
2-0: Called Strike
2-1: Ball
3-1: Foul Ball, location: 2F
3-2: Base on Balls
Batting: SHB Jim Flynn Pickoff Throw to First - Out!
Top of the 1st over - 1 run(s), 1 hit(s), 0 error(s), 0 left on base; Missouri 1 - California 0
BOTTOM OF THE 1ST
California Golden Bears batting - Pitching for Missouri Tigers : RHP Shane Burt
Pitching: RHP Shane Burt
Batting: RHB Johnny Phillips 0-0: Ball
1-0: Ball
2-0: Called Strike
2-1: Ball
3-1: Foul Ball, location: 2F
3-2: Base on Balls
Batting: RHB Cal Cox 0-0: Called Strike
0-1: Fly out, F9 (Flyball, 9S)
Batting: RHB Sergio González 0-0: Ball
1-0: Swinging Strike
1-1: Ball
2-1: Foul Ball, location: 2F
2-2: Strikes out looking
Batting: RHB Phil Cabrera 0-0: Swinging Strike
0-1: Called Strike
0-2: Foul Ball, location: 2F
0-2: SINGLE (Groundball, 34D)
Johnny Phillips to second
Runner from 2nd tries for 3rd, SAFE, no throw
Batting: RHB Miguel Angel Díaz 0-0: Called Strike
0-1: Ball
1-1: SINGLE (Groundball, 56D)
Johnny Phillips scores
Phil Cabrera to second
Batting: SHB Dan Morse 0-0: Foul Ball, location: 2F
0-1: Foul Ball, location: 2F
0-2: Strikes out swinging
Bottom of the 1st over - 1 run(s), 2 hit(s), 0 error(s), 2 left on base; Missouri 1 - California 1
TOP OF THE 2ND
Missouri Tigers batting - Pitching for California Golden Bears : LHP Randy Hawk
Batting: SHB Jim Flynn 0-0: Ball
1-0: Foul Ball, location: 2F
1-1: Foul Ball, location: 2F
1-2: Strikes out swinging
Batting: LHB Joe Lowery 0-0: Called Strike
0-1: Ball
1-1: Swinging Strike
1-2: Strikes out swinging
Batting: RHB Raymond Kerr 0-0: Fly out, F8 (Flyball, 8LM)
Top of the 2nd over - 0 run(s), 0 hit(s), 0 error(s), 0 left on base; Missouri 1 - California 1
BOTTOM OF THE 2ND
California Golden Bears batting - Pitching for Missouri Tigers : RHP Shane Burt
Batting: RHB Mike Hammond 0-0: Swinging Strike
0-1: Ground out 6-3 (Groundball, 6MS)
Batting: RHB Owen Jenkins 0-0: Ball
1-0: Ball
2-0: Ball
3-0: Base on Balls
Batting: RHB Cisco Villa 0-0: Called Strike
0-1: Ball
1-1: Hit by Pitch
Owen Jenkins to second
Batting: RHB Johnny Phillips 0-0: Ground out 5-3 (Groundball, 56S)
Owen Jenkins to third
Cisco Villa to second
Batting: RHB Cal Cox 0-0: Called Strike
0-1: Ball
1-1: Ball
2-1: Called Strike
2-2: SINGLE (Groundball, 56D)
Owen Jenkins scores
Cisco Villa to third
Runner from 3rd tries for Home, throw and OUT!
Bottom of the 2nd over - 1 run(s), 1 hit(s), 0 error(s), 1 left on base; Missouri 1 - California 2
TOP OF THE 3RD
Missouri Tigers batting - Pitching for California Golden Bears : LHP Randy Hawk
Batting: RHB Broderick Banks 0-0: Ball
1-0: Ball
2-0: Ball
3-0: Foul Ball, location: 2F
3-1: Swinging Strike
3-2: Base on Balls
Batting: SHB David Castaneda 0-0: Ball
1-0: Called Strike
1-1: Ball
2-1: Fly out, F4 (Line Drive, 4M)
Batting: LHB Joe Hanson 0-0: Foul Ball, location: 2F
0-1: Foul Ball, location: 2F
0-2: Strikes out looking
Batting: RHB Harvey Willis 0-0: Fielders Choice at 2nd, 5-4 (Groundball, 56)
Top of the 3rd over - 0 run(s), 0 hit(s), 0 error(s), 0 left on base; Missouri 1 - California 2
BOTTOM OF THE 3RD
California Golden Bears batting - Pitching for Missouri Tigers : RHP Shane Burt
Batting: RHB Sergio González 0-0: Foul Ball, location: 2F
0-1: Swinging Strike
0-2: Ball
1-2: SINGLE (Groundball, 4D)
Batting: RHB Phil Cabrera 0-0: Ball
1-0: Called Strike
1-1: Fly out, F8 (Flyball, 89M)
Batting: RHB Miguel Angel Díaz 0-0: Ground out 5-3 (Groundball, 56S)
Sergio González to second
Batting: SHB Dan Morse 0-0: Foul Ball, location: 2F
0-1: Ball
1-1: Ball
2-1: Swinging Strike
2-2: Ground out 5-3 (Groundball, 56S)
Bottom of the 3rd over - 0 run(s), 1 hit(s), 0 error(s), 1 left on base; Missouri 1 - California 2
TOP OF THE 4TH
Missouri Tigers batting - Pitching for California Golden Bears : LHP Randy Hawk
Batting: RHB Wesley Fuller 0-0: Ball
1-0: Ball
2-0: Ball
3-0: Called Strike
3-1: Foul Ball, location: 2F
3-2: Foul Ball, location: 2F
3-2: Fly out, F8 (Flyball, 8RS)
Batting: RHB Clay Decker 0-0: Foul Ball, location: 2F
0-1: Foul Ball, location: 2F
0-2: Foul Ball, location: 2F
0-2: Strikes out looking
Batting: SHB Jim Flynn 0-0: Ball
1-0: Ball
2-0: SINGLE (Groundball, 6MD)
Batting: LHB Joe Lowery 0-0: Called Strike
0-1: Called Strike
0-2: Ball
1-2: Ball
2-2: Strikes out swinging
Top of the 4th over - 0 run(s), 1 hit(s), 0 error(s), 1 left on base; Missouri 1 - California 2
BOTTOM OF THE 4TH
California Golden Bears batting - Pitching for Missouri Tigers : RHP Shane Burt
Batting: RHB Mike Hammond 0-0: Ball
1-0: Ground out 6-3 (Groundball, 6)
Batting: RHB Owen Jenkins 0-0: Called Strike
0-1: SINGLE (Line Drive, 4M)
Batting: RHB Cisco Villa 0-0: Called Strike
0-1: Ball
1-1: Ball
2-1: Swinging Strike
2-2: Foul Ball, location: 2F
2-2: Ball
3-2: 2-RUN HOME RUN (Flyball, 8LXD), Distance : 386 ft
Batting: RHB Johnny Phillips 0-0: Ball
1-0: Ball
2-0: Ball
3-0: Called Strike
3-1: Called Strike
3-2: Strikes out swinging
Batting: RHB Cal Cox 0-0: DOUBLE (Line Drive, 7LS)
Batting: RHB Sergio González 0-0: Ball
1-0: SINGLE (Groundball, 6S) (infield hit)
Cal Cox to third
Batting: RHB Phil Cabrera 0-0: Called Strike
0-1: Fielders Choice at 2nd, 5-4 (Groundball, 5)
Bottom of the 4th over - 2 run(s), 4 hit(s), 0 error(s), 1 left on base; Missouri 1 - California 4
TOP OF THE 5TH
Missouri Tigers batting - Pitching for California Golden Bears : LHP Randy Hawk
Batting: RHB Raymond Kerr 0-0: Foul Ball, location: 2F
0-1: Ball
1-1: Ball
2-1: Ball
3-1: Called Strike
3-2: Strikes out looking
Batting: RHB Broderick Banks 0-0: Called Strike
0-1: Ball
1-1: SOLO HOME RUN (Flyball, 7D), Distance : 368 ft
Batting: SHB David Castaneda 0-0: Swinging Strike
0-1: Ball
1-1: Ball
2-1: Ball
3-1: Foul Ball, location: 2F
3-2: Foul Ball, location: 2F
3-2: Foul Ball, location: 2F
3-2: Fly out, F7 (Line Drive, 7)
Batting: LHB Joe Hanson 0-0: Called Strike
0-1: Ball
1-1: Ball
2-1: Ball
3-1: Base on Balls
Batting: RHB Harvey Willis 0-0: Called Strike
0-1: Called Strike
0-2: Ball
1-2: Ball
2-2: Strikes out swinging
Top of the 5th over - 1 run(s), 1 hit(s), 0 error(s), 1 left on base; Missouri 2 - California 4
BOTTOM OF THE 5TH
California Golden Bears batting - Pitching for Missouri Tigers : RHP Shane Burt
Batting: RHB Miguel Angel Díaz 0-0: Called Strike
0-1: Foul Ball, location: 2F
0-2: Ball
1-2: Ball
2-2: Strikes out swinging
Batting: SHB Dan Morse 0-0: Foul Ball, location: 2F
0-1: Ball
1-1: Swinging Strike
1-2: SOLO HOME RUN (Flyball, 89XD), Distance : 388 ft
Pitching: RHP Júlio Cruz
Batting: RHB Mike Hammond 0-0: Fly out, F6 (Line Drive, 6)
Batting: RHB Owen Jenkins 0-0: Ball
1-0: Ball
2-0: Ball
3-0: Base on Balls
Batting: RHB Cisco Villa 0-0: Called Strike
0-1: Foul Ball, location: 2F
0-2: Strikes out looking
Bottom of the 5th over - 1 run(s), 1 hit(s), 0 error(s), 1 left on base; Missouri 2 - California 5
TOP OF THE 6TH
Missouri Tigers batting - Pitching for California Golden Bears : LHP Randy Hawk
Pitching: RHP Ward Hunter
Batting: RHB Wesley Fuller 0-0: Foul Ball, location: 2F
0-1: Foul Ball, location: 2F
0-2: Fly out, F9 (Flyball, 89M)
Batting: RHB Clay Decker 0-0: Ball
1-0: Called Strike
1-1: Ball
2-1: Called Strike
2-2: Ball
3-2: Fly out, F7 (Line Drive, 78M)
Batting: SHB Jim Flynn 0-0: Ball
1-0: Called Strike
1-1: Ball
2-1: Swinging Strike
2-2: Foul Ball, location: 2F
2-2: Strikes out swinging
Top of the 6th over - 0 run(s), 0 hit(s), 0 error(s), 0 left on base; Missouri 2 - California 5
BOTTOM OF THE 6TH
California Golden Bears batting - Pitching for Missouri Tigers : RHP Júlio Cruz
Batting: RHB Johnny Phillips 0-0: Called Strike
0-1: Called Strike
0-2: Strikes out looking
Batting: RHB Cal Cox 0-0: Ball
1-0: Ball
2-0: Fly out, F5 (Popup, 5D)
Batting: RHB Sergio González 0-0: Ball
1-0: Called Strike
1-1: Ball
2-1: Ball
3-1: Fly out, F7 (Flyball, 78M)
Bottom of the 6th over - 0 run(s), 0 hit(s), 0 error(s), 0 left on base; Missouri 2 - California 5
TOP OF THE 7TH
Missouri Tigers batting - Pitching for California Golden Bears : RHP Ward Hunter
Batting: LHB Joe Lowery 0-0: Called Strike
0-1: Ball
1-1: Foul Ball, location: 2F
1-2: Ball
2-2: Foul Ball, location: 2F
2-2: Ball
3-2: Strikes out looking
Batting: RHB Raymond Kerr 0-0: Called Strike
0-1: Swinging Strike
0-2: Strikes out looking
Batting: RHB Broderick Banks 0-0: Ball
1-0: Ball
2-0: SINGLE (Flyball, 8LS)
Batting: SHB David Castaneda 0-0: Ball
1-0: Called Strike
1-1: DOUBLE (Flyball, 7LM)
Broderick Banks to third
Batting: LHB Joe Hanson 0-0: Called Strike
0-1: Fly out, F7 (Flyball, 78M)
Top of the 7th over - 0 run(s), 2 hit(s), 0 error(s), 2 left on base; Missouri 2 - California 5
BOTTOM OF THE 7TH
California Golden Bears batting - Pitching for Missouri Tigers : RHP Júlio Cruz
Batting: RHB Phil Cabrera 0-0: Ball
1-0: SINGLE (Line Drive, 6)
Batting: RHB Miguel Angel Díaz 0-0: Called Strike
0-1: Called Strike
0-2: Ball
1-2: Strikes out swinging
Batting: SHB Dan Morse 0-0: Called Strike
0-1: Swinging Strike
0-2: Strikes out swinging
Batting: RHB Mike Hammond 0-0: Called Strike
0-1: Swinging Strike
0-2: Ball
1-2: Fly out, F7 (Flyball, 7)
Bottom of the 7th over - 0 run(s), 1 hit(s), 0 error(s), 1 left on base; Missouri 2 - California 5
TOP OF THE 8TH
Missouri Tigers batting - Pitching for California Golden Bears : RHP Ward Hunter
Batting: RHB Harvey Willis 0-0: Swinging Strike
0-1: Called Strike
0-2: Ball
1-2: Ball
2-2: Ball
3-2: Base on Balls
Pitching: RHP Vic Curtis
Batting: RHB Wesley Fuller 0-0: Ball
1-0: Foul Ball, location: 2F
1-1: DOUBLE (Line Drive, 9D)
Harvey Willis to third
Runner from 3rd tries for Home, SAFE, throw made home
Batting: RHB Clay Decker 0-0: Called Strike
0-1: Ball
1-1: Ball
2-1: SINGLE (Line Drive, 6MD)
Wesley Fuller to third
Runner from 3rd tries for Home, SAFE, throw made home
Pitching: LHP David Waller
Pinch Hitting: RHB Ron Gilbert 0-0: Ball
Wild Pitch!
Clay Decker to second
1-0: Foul Ball, location: 2F
1-1: Ball
2-1: Called Strike
2-2: Foul Ball, location: 2F
2-2: Strikes out looking
Batting: LHB Joe Lowery 0-0: Fly out, F8 (Flyball, 8LD)
Runner from 2nd tags up, SAFE at 3rd, no throw
Pitching: RHP Darrell Barnett
Pinch Hitting: RHB Harry Edwards 0-0: Fly out, F7 (Flyball, 78XD)
Top of the 8th over - 2 run(s), 2 hit(s), 0 error(s), 1 left on base; Missouri 4 - California 5
BOTTOM OF THE 8TH
California Golden Bears batting - Pitching for Missouri Tigers : RHP Júlio Cruz
Now at SS: Beau McNeill
Now in RF: Jack Robinson
Batting: RHB Owen Jenkins 0-0: Ball
1-0: Fly out, F9 (Flyball, 9LS)
Batting: RHB Cisco Villa 0-0: Foul Ball, location: 2F
0-1: Swinging Strike
0-2: Ball
1-2: Ball
2-2: Ball
3-2: Foul Ball, location: 2F
3-2: Base on Balls
Batting: RHB Johnny Phillips 0-0: Ball
1-0: Called Strike
1-1: Foul Ball, location: 2F
1-2: Foul Ball, location: 2F
1-2: Ball
2-2: Strikes out swinging
Batting: RHB Cal Cox 0-0: 2-RUN HOME RUN (Flyball, 9LD), Distance : 325 ft
Pitching: RHP José Richardson
Batting: RHB Sergio González 0-0: Called Strike
0-1: Ball
1-1: Foul Ball, location: 2F
1-2: Ball
2-2: SINGLE (Groundball, 6MD)
Batting: RHB Phil Cabrera 0-0: Ball
1-0: Ball
2-0: Called Strike
2-1: Foul Ball, location: 2F
2-2: Strikes out looking
Bottom of the 8th over - 2 run(s), 2 hit(s), 0 error(s), 1 left on base; Missouri 4 - California 7
TOP OF THE 9TH
Missouri Tigers batting - Pitching for California Golden Bears : RHP Darrell Barnett
Pitching: RHP John Moody
Batting: RHB Broderick Banks 0-0: SINGLE (Groundball, 6S) (infield hit)
Batting: SHB David Castaneda 0-0: Ball
1-0: Fly out, F7 (Flyball, 7S)
Batting: LHB Joe Hanson 0-0: Called Strike
0-1: Foul Ball, location: 2F
0-2: Strikes out looking
Batting: RHB Harvey Willis 0-0: Ball
1-0: Ball
2-0: Ball
3-0: Called Strike
3-1: SINGLE (Groundball, 56D)
Broderick Banks to second
Batting: RHB Wesley Fuller 0-0: 3-RUN HOME RUN (Flyball, 89XD), Distance : 379 ft
Pitching: LHP James Key
Batting: RHB Clay Decker 0-0: Called Strike
0-1: Ball
1-1: Called Strike
1-2: SINGLE (Flyball, 9LS)
Batting: RHB Beau McNeill 0-0: Swinging Strike
0-1: Called Strike
0-2: Fly out, F8 (Flyball, 8RS)
Top of the 9th over - 3 run(s), 4 hit(s), 0 error(s), 1 left on base; Missouri 7 - California 7
BOTTOM OF THE 9TH
California Golden Bears batting - Pitching for Missouri Tigers : RHP José Richardson
Batting: RHB Miguel Angel Díaz 0-0: Ball
1-0: SINGLE (Flyball, 9LS)
Pinch Hitting: RHB Daniel Moody 0-0: Called Strike
0-1: Ball
1-1: Ball
2-1: Foul Ball, location: 2F
2-2: Ball
3-2: Base on Balls
Miguel Angel Díaz to second
Batting: RHB Mike Hammond 0-0: Fly out, F5 (Popup, 56S)
Batting: RHB Owen Jenkins 0-0: Ball
1-0: Ball
2-0: Called Strike
2-1: Swinging Strike
2-2: Ball
3-2: Base on Balls
Miguel Angel Díaz to third
Daniel Moody to second
Batting: RHB Cisco Villa 0-0: Called Strike
0-1: Ball
1-1: Swinging Strike
1-2: Ball
2-2: Foul Ball, location: 2F
2-2: Strikes out swinging
Batting: RHB Johnny Phillips 0-0: Fly out, F8 (Flyball, 8LM)
Bottom of the 9th over - 0 run(s), 1 hit(s), 0 error(s), 3 left on base; Missouri 7 - California 7
TOP OF THE 10TH
Missouri Tigers batting - Pitching for California Golden Bears : LHP James Key
Now at 3B: Daniel Moody
Batting: LHB Joe Lowery 0-0: Called Strike
0-1: Ball
1-1: Called Strike
1-2: Strikes out swinging
Batting: RHB Jack Robinson 0-0: Called Strike
0-1: Ball
1-1: Ball
2-1: Ball
3-1: Called Strike
3-2: Fly out, F9 (Flyball, 9)
Batting: RHB Broderick Banks 0-0: Ball
1-0: Ball
2-0: Called Strike
2-1: Ball
3-1: Foul Ball, location: 2F
3-2: Base on Balls
Batting: SHB David Castaneda 0-0: Called Strike
0-1: Called Strike
0-2: Strikes out swinging
Top of the 10th over - 0 run(s), 0 hit(s), 0 error(s), 1 left on base; Missouri 7 - California 7
BOTTOM OF THE 10TH
California Golden Bears batting - Pitching for Missouri Tigers : RHP José Richardson
Batting: RHB Cal Cox 0-0: Fly out, F9 (Flyball, 9LS)
Batting: RHB Sergio González 0-0: Foul Ball, location: 2F
0-1: Called Strike
0-2: Foul Ball, location: 2F
0-2: Ball
1-2: Strikes out swinging
Batting: RHB Phil Cabrera 0-0: Ball
1-0: Foul Ball, location: 2F
1-1: Foul Ball, location: 2F
1-2: Ball
2-2: Ball
3-2: Ground out 4-3 (Groundball, 4)
Bottom of the 10th over - 0 run(s), 0 hit(s), 0 error(s), 0 left on base; Missouri 7 - California 7
TOP OF THE 11TH
Missouri Tigers batting - Pitching for California Golden Bears : LHP James Key
Batting: LHB Joe Hanson 0-0: Called Strike
0-1: Foul Ball, location: 2F
0-2: Ball
1-2: Fly out, F8 (Line Drive, 8RM)
Batting: RHB Harvey Willis 0-0: Ball
1-0: Ball
2-0: Ground out 6-3 (Groundball, 6)
Batting: RHB Wesley Fuller 0-0: Ball
1-0: Ball
2-0: Ball
3-0: Base on Balls
Batting: RHB Clay Decker 0-0: Called Strike
0-1: Called Strike
0-2: SINGLE (Line Drive, 56D)
Wesley Fuller to second
Batting: RHB Beau McNeill 0-0: Foul Ball, location: 2F
0-1: Ball
1-1: Foul Ball, location: 2F
1-2: Ground out U3 (Groundball, 34S)
Top of the 11th over - 0 run(s), 1 hit(s), 0 error(s), 2 left on base; Missouri 7 - California 7
BOTTOM OF THE 11TH
California Golden Bears batting - Pitching for Missouri Tigers : RHP José Richardson
Batting: RHB Miguel Angel Díaz 0-0: Ball
1-0: Ball
2-0: Foul Ball, location: 2F
2-1: Ball
3-1: Base on Balls
Batting: RHB Daniel Moody 0-0: Called Strike
0-1: Ball
1-1: Reached on error, E5 (Groundball, 56S)
Miguel Angel Díaz to third
Pitching: LHP John Dunworth
Batting: RHB Mike Hammond 0-0: Called Strike
0-1: Called Strike
0-2: Ball
1-2: Foul Ball, location: 2F
1-2: Reached on error, E6 (Groundball, 6MS)
Miguel Angel Díaz scores
Tuesday, August 8th, 2017 - OOTP Baseball 17.12 Build 75